AoeStats
← joeharry10

Arabia

507622785Analyzed
1v1 RM · 13d ago on Sep 19, 2026· 38m 9s· 2 players
Game mode
Random Map
Map size
Tiny (2 player)
Population
200
Speed
Normal
Resources
Standard
Victory
Conquest
Starting age
Dark Age
Ending age
Imperial Age
RankedLock teamsTeams togetherTeam positionsShared explorationLock speedFull tech treeHidden civsTurbo modeCheats
Victory
Defeat
🇺🇸 Slavs · United States
1545
+16
🇧🇷 Chinese · Brazil
1548
-16
joeharry10
8:05 Loom
10:34 Feudal Age
11:05 Double-Bit Axe
11:17 Horse Collar
15:30 Forging
16:43 Scale Barding Armor
21:17 Castle Age
21:21 Wheelbarrow
20:37 Gold Mining
22:18 Chain Barding Armor
22:06 Heavy Plow
22:18 Bow Saw
22:44 Bloodlines
22:31 Light Cavalry
23:13 Husbandry
27:47 Stone Mining
28:43 Iron Casting
36:00 Imperial Age
33:45 Town Watch
35:33 Hand Cart
36:42 Masonry
37:20 Plate Barding Armor
36:42 Heavy Scorpion
39:20 Blast Furnace
38:47 Ballistics
EmperorNowBack
0:27 Loom
11:15 Feudal Age
12:19 Horse Collar
17:14 Castle Age
15:24 Double-Bit Axe
18:33 Bow Saw
18:25 Heavy Plow
21:16 Wheelbarrow
21:48 Fletching
22:39 Gold Mining
24:18 Bodkin Arrow
24:43 Padded Archer Armor
26:58 Gold Shaft Mining
27:23 Leather Archer Armor
31:38 Imperial Age
30:49 Ballistics
32:21 Bracer
32:43 Conscription
33:00 Ring Archer Armor
33:39 Two-Man Saw
34:08 Chemistry
34:26 Scale Barding Armor
35:05 Bloodlines
35:07 Light Cavalry
37:06 Hand Cart
38:02 Chain Barding Armor
37:53 Forging
Connection lost

Rejoining the realm…

Still unreachable

The connection could not be restored.

Session expired

The server has moved on; the page needs a fresh start.